[Event "Team 45 45 League T37"]
[Site "Internet Chess Club"]
[Date "2008.05.02"]
[Round "2"]
[White "Egmont"]
[Black "LoseOften"]
[Result "0-1"]
[WhiteElo "1768"]
[BlackElo "1871"]
[Opening "Sicilian: Alapin's variation (2.c3)"]
[ECO "B22"]
[Time "03:00:08"]
[TimeControl "2700+45"]

1. e4 c5 2. c3 Nf6 3. e5 Nd5 4. d4 cxd4 5. Nf3 Nc6 6. cxd4 d6 7. Bc4 Nb6 8. Bb3
dxe5 9. Nxe5 Nxe5 10. dxe5 Qxd1+ 11. Bxd1 Bd7 12. Bf3 O-O-O 13. O-O h6 14. Be3
Kb8 15. Nd2 g5 16. Bd4 Bb5 17. Bxb6 axb6 18. Rfd1 Bg7 19. e6 f5 20. g4 Bd3 21.
Nb3 Bxb2 22. Rxd3 Rxd3 23. Be2 Rxb3 24. Rb1 Rb4 25. a3 Bxa3 {White resigns} 0-1

[Event "Team 45 45 League T37"]
[Site "Internet Chess Club"]
[Date "2008.05.04"]
[Round "2"]
[White "QueensCounselor"]
[Black "chinta"]
[Result "1-0"]
[WhiteElo "1830"]
[BlackElo "1639"]
[Opening "Queen's pawn: English defense"]
[ECO "A40"]
[Time "15:03:31"]
[TimeControl "2700+45"]

1. d4 b6 2. e4 Bb7 3. Nc3 e6 4. Be2 Bb4 5. Bf3 Nf6 6. e5 Bxf3 7. Qxf3 Nd5 8. Ne2
Nc6 9. a3 Bxc3+ 10. bxc3 O-O 11. Qg3 f6 12. exf6 Qxf6 13. O-O Rf7 14. Bg5 Qg6
15. c4 Nf6 16. Bxf6 Qxf6 17. c3 d6 18. Qd3 Raf8 19. Ra2 Ne7 20. a4 Nf5 21. a5
Qg5 22. Ng3 Nh4 23. Qe4 d5 24. Qxe6 dxc4 25. axb6 axb6 26. Qxc4 Nf5 27. Nxf5
Qxf5 28. Ra7 Qc8 29. Re1 Kh8 30. f3 Qd8 31. Qc6 Qg5 32. Rxc7 Rxf3 33. Qxf3 Qd8
34. Qc6 h6 35. Ree7 {Black resigns} 1-0

[Event "Team 45 45 League T37"]
[Site "Internet Chess Club"]
[Date "2008.05.03"]
[Round "2"]
[White "NFK"]
[Black "hansolo1000"]
[Result "0-1"]
[WhiteElo "1667"]
[BlackElo "1751"]
[Opening "Sicilian: Canal-Sokolsky (Nimzovich-Rossolimo, Moscow) attack"]
[ECO "B51"]
[Time "04:04:20"]
[TimeControl "2700+45"]

1. e4 c5 2. Nf3 d6 3. Bb5+ Nc6 4. d4 cxd4 5. Qxd4 Bd7 6. Bxc6 bxc6 7. Nc3 e5 8.
Qd3 Be7 9. O-O h6 10. Rd1 Nf6 11. b3 O-O 12. Bb2 Qc7 13. Ne2 Rad8 14. Ng3 Kh7
15. Rd2 g6 16. Re1 Ng8 17. h4 f5 18. h5 f4 19. hxg6+ Kxg6 20. Nf5 Rxf5 21. exf5+
Bxf5 22. Qe2 Bf6 23. g4 Be6 24. Qe4+ Kg7 25. g5 hxg5 26. Nd4 Bc8 27. Qxc6 Qf7
28. Nb5 Bb7 29. Qc7 Rd7 30. Qa5 Qh5 31. f3 Qxf3 32. Qc3 Qh1+ 33. Kf2 Qg2# {White
checkmated} 0-1

[Event "Team 45 45 League T37"]
[Site "Internet Chess Club"]
[Date "2008.05.01"]
[Round "2"]
[White "Beancounter"]
[Black "BrerRabbit"]
[Result "1-0"]
[WhiteElo "1732"]
[BlackElo "1574"]
[Opening "Queen's pawn game, Darooha variation "]
[ECO "D02"]
[Time "14:01:25"]
[TimeControl "2700+45"]

1. d4 d5 2. Nf3 Nf6 3. g3 c6 4. Bg2 Bf5 5. c4 e6 6. O-O h6 7. Nc3 Bd6 8. b3 O-O
9. Bb2 Nbd7 10. Rc1 Re8 11. Nd2 e5 12. dxe5 Bxe5 13. Nf3 Bc7 14. cxd5 Ne5 15.
Nd4 Bd7 16. e4 cxd5 17. exd5 Bg4 18. Qc2 Rc8 19. Qb1 a6 20. h3 Bh5 21. Ba1 Bb6
22. Na4 Bxd4 23. Bxd4 Nf3+ 24. Bxf3 Bxf3 25. Bxf6 Qxf6 26. Rxc8 Rxc8 27. Qd3 Rd8
28. Nc3 Rc8 29. Rc1 Kf8 30. d6 Rd8 31. Ne4 Bxe4 32. Qxe4 b5 33. Qh7 Rxd6 34.
Rc8+ Ke7 35. Rc7+ Ke6 36. Qe4+ Qe5 37. Re7+ {Black resigns} 1-0

[Event "Team 45 45 League T37"]
[Site "Internet Chess Club"]
[Date "2008.05.04"]
[Round "2"]
[White "TheIdeal"]
[Black "xakelari"]
[Result "0-1"]
[WhiteElo "1856"]
[BlackElo "2040"]
[Opening "QGD"]
[ECO "E10"]
[Time "09:00:24"]
[TimeControl "2700+45"]

1. Nf3 Nf6 2. c4 e6 3. d4 d5 4. Bg5 Nbd7 5. e3 Be7 6. Nbd2 O-O 7. h3 b6 8. cxd5
exd5 9. Qc2 Bb7 10. Be2 Rc8 11. O-O c5 12. Qf5 Ne4 13. Nxe4 dxe4 14. Bxe7 Qxe7
15. Nh4 cxd4 16. exd4 Rc2 17. Bb5 Nf6 18. b3 a6 19. Bc4 b5 20. Rfc1 Rxc1+ 21.
Rxc1 bxc4 22. bxc4 Qa3 23. Qg5 h6 24. Qd2 Bc8 25. Rc3 Qd6 26. g4 Rd8 27. d5 Qe5
28. Re3 g5 29. Qa5 Re8 30. Nf3 Qd6 31. Nd4 Bd7 32. Qd2 Rb8 33. Nb3 Ba4 34. Qd4
Bxb3 35. axb3 Re8 36. Kg2 Kg7 37. Qc3 Kg6 38. Qd4 Rb8 39. f3 exf3+ 40. Rxf3 Re8
41. c5 Re2+ 42. Kf1 Qe5 43. Qd3+ Re4 44. d6 Kg7 45. d7 Nxd7 46. c6 Nc5 47. Qc3
Ne6 48. Qxe5+ Rxe5 49. Rc3 Nc7 50. Kg2 Kf6 51. Rc4 Re6 52. Kf2 Ke7 53. b4 Kd6
54. Kg3 Nb5 55. Rc5 Kc7 56. Rf5 f6 57. Kf2 Kxc6 58. Rc5+ Kb6 59. Rc8 Nd6 60.
Rb8+ Kc6 61. Rh8 f5 62. gxf5 Nxf5 63. Rc8+ Kb7 64. Rc5 Nd4 65. Rd5 Nb5 66. Rd7+
Kb6 67. Rd8 Nd6 68. Kf1 Kb5 69. Rb8+ Kc4 70. Rb6 Rf6+ 71. Kg2 Ne4 72. Rb7 Nc3
73. Kg3 Nb5 {White resigns} 0-1

[Event "Team 45 45 League T37"]
[Site "Internet Chess Club"]
[Date "2008.05.03"]
[Round "2"]
[White "IceBox"]
[Black "ghostfire"]
[Result "1-0"]
[WhiteElo "1720"]
[BlackElo "1818"]
[Opening "Nimzo-Indian: classical variation"]
[ECO "E32"]
[Time "09:02:27"]
[TimeControl "2700+45"]

1. d4 Nf6 2. c4 e6 3. Nc3 Bb4 4. Qc2 O-O 5. e4 d6 6. Bd3 h6 7. Ne2 e5 8. Be3 Ng4
9. O-O Bxc3 10. Nxc3 Qh4 11. h3 Nxe3 12. fxe3 c6 13. Rf3 Nd7 14. Raf1 Nf6 15.
Qf2 Qxf2+ 16. R3xf2 Bd7 17. Ne2 Rae8 18. Ng3 Re7 19. Nf5 Bxf5 20. exf5 exd4 21.
exd4 Rfe8 22. Rf3 d5 23. c5 Ne4 24. Re3 Nd2 25. Rxe7 Rxe7 26. Rd1 Ne4 27. Re1 g6
28. fxg6 fxg6 29. g3 Kf7 30. Kg2 g5 31. Re2 Kf6 32. Kf3 g4+ 33. hxg4 Ng5+ 34.
Kf2 Rxe2+ 35. Kxe2 Ne4 36. Kf3 Kg5 37. Be2 Nf6 38. b4 Nxg4 39. a4 Nf6 40. b5 Ng8
41. a5 Nf6 42. a6 bxa6 43. bxc6 Ne8 44. Bxa6 Nc7 45. Be2 a5 46. Bd1 Nb5 47. Ke3
Nc7 48. Kd3 a4 49. Kc3 Kf5 50. Kb4 Ke4 51. Kxa4 Kxd4 52. Kb4 Kd3 53. Ka5 Kd2 54.
Bg4 d4 55. Kb6 Ne8 56. c7 Nxc7 57. Kxc7 d3 58. Kd7 Ke3 59. c6 d2 60. c7 {Black
resigns} 1-0

[Event "Team 45 45 League T37"]
[Site "Internet Chess Club"]
[Date "2008.05.06"]
[Round "2"]
[White "Langshaw"]
[Black "Dbronstein06"]
[Result "1/2-1/2"]
[WhiteElo "1742"]
[BlackElo "1696"]
[Opening "King's Indian: orthodox, 7...Nbd7"]
[ECO "E94"]
[Time "09:14:38"]
[TimeControl "2700+45"]

1. d4 Nf6 2. c4 g6 3. Nc3 Bg7 4. e4 d6 5. Nf3 O-O 6. Be2 Nbd7 7. O-O e5 8. d5 a5
9. Ne1 Nc5 10. Bg5 h6 11. Bxf6 Qxf6 12. b3 Qe7 13. a3 f5 14. f3 fxe4 15. fxe4
Rxf1+ 16. Bxf1 Bd7 17. b4 axb4 18. axb4 Rxa1 19. Qxa1 Na6 20. Nd3 Qg5 21. Kh1
Qd2 22. c5 Bf6 23. c6 bxc6 24. dxc6 Be6 25. Nd5 Bxd5 26. exd5 Nxb4 27. Qa8+ Kf7
28. Nxb4 Qxb4 29. Qc8 Qb6 30. Qd7+ Be7 31. Qe6+ Kf8 32. Qxg6 Qf2 33. Qxh6+ Kg8
34. Qg6+ Kf8 35. Qb1 e4 36. Bc4 e3 37. Qf1 Qxf1+ 38. Bxf1 Kg7 39. g4 Kf6 40. Kg2
Ke5 41. Bc4 Kd4 42. Ba2 Kd3 43. Kf1 Kd2 44. Bc4 Kc3 45. Ba2 Kd2 {Game drawn by
mutual agreement} 1/2-1/2

[Event "Team 45 45 League T37"]
[Site "Internet Chess Club"]
[Date "2008.05.03"]
[Round "2"]
[White "chipionero"]
[Black "badmove"]
[Result "1-0"]
[WhiteElo "1725"]
[BlackElo "1633"]
[Opening "Dutch"]
[ECO "A96"]
[Time "16:05:11"]
[TimeControl "2700+45"]

1. d4 f5 2. Nf3 Nf6 3. c4 e6 4. g3 Be7 5. Bg2 d6 6. Nc3 O-O 7. O-O a5 8. Re1 Ne4
9. Qc2 Nxc3 10. bxc3 Bf6 11. e4 fxe4 12. Qxe4 Nc6 13. Bb2 e5 14. Rad1 Qe8 15. c5
Ne7 16. cxd6 cxd6 17. dxe5 dxe5 18. Nxe5 Bf5 19. Qe2 Qc8 20. Qb5 Nc6 21. Nxc6
bxc6 22. Qxc6 Rb8 23. Ba3 Qxc6 24. Bxc6 Rfc8 25. Bd5+ Kh8 26. c4 h6 27. Kg2 Re8
28. Rxe8+ Rxe8 29. Bf3 Be6 30. Bd5 Rd8 31. Bc5 a4 32. a3 Bf5 33. Bb6 Re8 34. c5
Be4+ 35. Bxe4 Rxe4 36. c6 Rc4 37. c7 Kh7 38. Rd3 Be5 39. Rd7 Rc3 40. f4 Bxc7 41.
Rxc7 Rxc7 42. Bxc7 h5 43. Kf3 Kg6 44. Ke4 Kf7 45. Kd5 g6 46. Kc5 Ke6 47. Kb5 Kd7
48. Be5 Kc8 49. Kxa4 Kb7 50. Kb5 {Black resigns} 1-0

[Event "Team 45 45 League T37"]
[Site "Internet Chess Club"]
[Date "2008.05.04"]
[Round "2"]
[White "jesterday"]
[Black "fishhead"]
[Result "1-0"]
[WhiteElo "1969"]
[BlackElo "1903"]
[Opening "Alekhine's defense: Sämisch attack"]
[ECO "B02"]
[Time "13:32:14"]
[TimeControl "2700+45"]

1. e4 Nf6 2. e5 Nd5 3. Nc3 Nxc3 4. dxc3 d6 5. Nf3 g6 6. Bf4 Bg7 7. Qd2 O-O 8.
O-O-O Nc6 9. exd6 cxd6 10. Bh6 Bg4 11. Bxg7 Kxg7 12. Be2 Qa5 13. Kb1 Rac8 14.
Nd4 Bxe2 15. Qxe2 e6 16. Nb3 Qc7 17. g4 d5 18. h4 Qe5 19. Qd2 h6 20. f4 Qd6 21.
h5 f5 22. hxg6 Kxg6 23. Qh2 fxg4 24. Qxh6+ Kf7 25. Qh5+ Ke7 26. Qg5+ Kd7 27.
Rh7+ Ne7 28. Nd4 Rce8 29. Qxg4 Rxf4 30. Qe2 Re4 31. Qb5+ Kd8 32. Qxb7 Qb6 33.
Rxe7 {Black resigns} 1-0

[Event "Team 45 45 League T37"]
[Site "Internet Chess Club"]
[Date "2008.05.03"]
[Round "2"]
[White "makito"]
[Black "Mater"]
[Result "1-0"]
[WhiteElo "1727"]
[BlackElo "1673"]
[Opening "English, 1...Nf6 (Anglo-Indian defense)"]
[ECO "A15"]
[Time "12:05:15"]
[TimeControl "2700+45"]

1. c4 Nf6 2. g3 d5 3. cxd5 Nxd5 4. Bg2 Nc6 5. Nc3 Nxc3 6. bxc3 Bd7 7. Nf3 g6 8.
Rb1 Rb8 9. O-O Bg7 10. e4 O-O 11. d4 Re8 12. e5 Na5 13. Bf4 e6 14. Qc2 Nc4 15.
Qb3 b5 16. Rbd1 Qc8 17. Nd2 Nxd2 18. Rxd2 Rb6 19. Be3 Rb8 20. f4 c6 21. c4 bxc4
22. Qxc4 Bf8 23. Rc2 Rb4 24. Qd3 Qb7 25. Rfc1 Rc8 26. Be4 Rb1 27. Qf1 Rxc1 28.
Qxc1 Qa6 29. Qd1 c5 30. Qf3 Qa4 31. dxc5 Bc6 32. Bxc6 Qxc2 33. Be4 Rc7 34. Bxc2
{Black resigns} 1-0

[Event "Team 45 45 League T37"]
[Site "Internet Chess Club"]
[Date "2008.05.03"]
[Round "2"]
[White "kwameh72"]
[Black "incachess"]
[Result "1-0"]
[WhiteElo "1618"]
[BlackElo "1633"]
[Opening "Bird's opening"]
[ECO "A02"]
[Time "04:00:10"]
[TimeControl "2700+45"]

1. f4 c5 2. Nf3 d6 3. g3 Qc7 4. Bg2 Nf6 5. O-O g6 6. d3 Bg7 7. Nc3 a6 8. a4 b6
9. e4 Nbd7 10. f5 gxf5 11. exf5 Bb7 12. Qe2 Nd5 13. Re1 N7f6 14. Ne4 O-O-O 15.
Rb1 Rde8 16. Neg5 Rhf8 17. Bd2 Ng4 18. Kh1 h6 19. Ne4 Qd7 20. h3 Ngf6 21. b4
Qxf5 22. bxc5 bxc5 23. c4 Nc7 24. Nh4 Qe6 25. Rxb7 Kxb7 26. Nxc5+ Ka7 27. Nxe6
Nxe6 28. Qf3 Rb8 29. Be3+ Nc5 30. Nf5 e6 31. Ne7 Rb6 32. Nc6+ Kb7 33. a5 Rb2 34.
Ne7+ Ka7 35. Nc6+ Kb7 36. Nb4+ Ka7 37. Bxc5+ dxc5 38. Qb7# {Black checkmated}
1-0

[Event "Team 45 45 League T37"]
[Site "Internet Chess Club"]
[Date "2008.05.04"]
[Round "2"]
[White "gametracker"]
[Black "Gail"]
[Result "0-1"]
[WhiteElo "2064"]
[BlackElo "2427"]
[Opening "Vienna: Paulsen-Mieses variation"]
[ECO "C26"]
[Time "10:00:28"]
[TimeControl "2700+45"]

1. e4 e5 2. Nc3 Nf6 3. g3 d5 4. exd5 Nxd5 5. Bg2 Nxc3 6. bxc3 Nc6 7. Ne2 Be6 8.
O-O Bd5 9. d3 Bxg2 10. Kxg2 Qd5+ 11. f3 O-O-O 12. Be3 h5 13. h3 Be7 14. c4 Qe6
15. c3 Rd7 16. Rb1 Rhd8 17. Qa4 Rxd3 18. Bxa7 Rd2 19. Rf2 e4 20. Nd4 Rxf2+ 21.
Kxf2 e3+ 22. Kg2 Qg6 23. Rb2 Bd6 24. Ne2 Bxg3 25. Bxe3 Bh4+ 26. Kh2 Qd6+ 27. Bf4
Qc5 28. Bg3 Bxg3+ 29. Kxg3 Qe3 30. Qa8+ Kd7 31. Qa4 h4+ 32. Kg2 Qg5+ 33. Kf2 Re8
34. Qb5 Qe3+ 35. Kg2 Re5 36. Qxb7 Rg5+ 37. Kf1 Qxf3+ 38. Ke1 Qh1+ 39. Kd2 Qxh3
40. Rc2 Qe6 41. Kc1 Qxc4 42. Rd2+ Rd5 43. Rxd5+ Qxd5 44. Qa8 Qg5+ 45. Kd1 h3 46.
Qh8 Qg4 47. Qf8 Qh5 48. Kd2 h2 49. Nf4 Qf5 {White resigns} 0-1

[Event "Team 45 45 League T37"]
[Site "Internet Chess Club"]
[Date "2008.05.05"]
[Round "2"]
[White "QuietSet"]
[Black "Nosferatu1"]
[Result "1/2-1/2"]
[WhiteElo "1928"]
[BlackElo "1838"]
[Opening "QGD: 4.Bg5 Be7"]
[ECO "D53"]
[Time "17:33:59"]
[TimeControl "2700+45"]

1. d4 d5 2. c4 e6 3. Nc3 Nf6 4. Bg5 Be7 5. Nf3 h6 6. Bh4 Nbd7 7. e3 O-O 8. Bd3
dxc4 9. Bxc4 c5 10. O-O b6 11. Rc1 Bb7 12. Qe2 Ne4 13. Bxe7 Qxe7 14. Rfd1 Nxc3
15. Rxc3 Rac8 16. Ba6 Rc7 17. Bxb7 Rxb7 18. Qa6 Rc7 19. b4 Nb8 20. Qc4 Rfc8 21.
Rdc1 Nd7 22. dxc5 bxc5 23. bxc5 Rxc5 24. Qb3 Rxc3 25. Rxc3 Rxc3 26. Qxc3 Qc5 27.
Qxc5 Nxc5 28. Ne5 f6 29. Nc6 a6 30. Kf1 Kf8 31. Ke2 Ke8 32. h4 Kd7 33. Nd4 g6
34. f4 Kd6 35. g4 e5 36. Nb3 Nxb3 37. axb3 exf4 38. exf4 h5 39. gxh5 gxh5 40.
Ke3 Kd5 41. Kd3 a5 42. Ke3 f5 43. Kd3 Kc5 44. Kc3 Kb5 45. Kb2 Kb4 46. Kc2 Kb5
47. Kc3 Kc5 48. Kd3 Kd5 49. Ke3 Kc5 50. Kd3 Kb5 51. Kc3 Kc5 52. Kd3 Kb4 53. Kc2
Kc5 54. Kc3 Kd5 55. Kd3 {Game drawn by mutual agreement} 1/2-1/2

[Event "Team 45 45 League T37"]
[Site "Internet Chess Club"]
[Date "2008.05.03"]
[Round "2"]
[White "kabindra"]
[Black "fantanaranja"]
[Result "0-1"]
[WhiteElo "1871"]
[BlackElo "1838"]
[Opening "Sicilian: Tartakower variation"]
[ECO "B53"]
[Time "15:04:59"]
[TimeControl "2700+45"]

1. e4 c5 2. Nf3 d6 3. d4 cxd4 4. c3 dxc3 5. Nxc3 Nc6 6. Bc4 e6 7. O-O Nf6 8. e5
Nxe5 9. Nxe5 dxe5 10. Qxd8+ Kxd8 11. Rd1+ Bd7 12. Be3 Bb4 13. Nb5 a6 14. Bb6+
Ke7 15. Nc3 Bxc3 16. bxc3 Rhc8 17. Bb3 Rxc3 18. Ba5 Rc6 19. Bb4+ Ke8 20. Bd6 e4
21. Be5 Rac8 22. h3 b5 23. Kh2 a5 24. a4 b4 25. Rd4 Rc3 26. Rb1 e3 27. fxe3 Rxe3
28. Bd6 Rcc3 29. Bd1 Ne4 30. Bf4 Re1 31. Rb2 g5 32. Bd2 Nxd2 33. Rbxd2 Rc7 34.
Bh5 Bxa4 35. Rd8+ Ke7 36. Rh8 Bc2 37. Rf2 Bf5 38. Rd2 Rc2 39. Rdd8 Kf6 40. Rhf8
Rc7 41. Bf3 b3 42. Rb8 a4 43. Rb4 Ra7 44. h4 g4 45. Bxg4 Bxg4 46. Rxg4 b2 {White
resigns} 0-1

[Event "Team 45 45 League T37"]
[Site "Internet Chess Club"]
[Date "2008.05.03"]
[Round "2"]
[White "bobhill"]
[Black "Intelectual"]
[Result "1/2-1/2"]
[WhiteElo "2023"]
[BlackElo "1908"]
[Opening "King's Indian: Torre attack"]
[ECO "A48"]
[Time "23:32:12"]
[TimeControl "2700+45"]

1. d4 Nf6 2. Nf3 g6 3. Bg5 Bg7 4. Nbd2 O-O 5. e4 d6 6. c3 Nbd7 7. Be2 c6 8. Qc2
Qc7 9. O-O e5 10. dxe5 dxe5 11. Rad1 Nc5 12. b4 Ne6 13. Bh4 Nf4 14. Nc4 N6h5 15.
Rfe1 Nxe2+ 16. Rxe2 Be6 17. Ne3 h6 18. Red2 g5 19. Bg3 Rfd8 20. Nd4 Bxa2 21.
Ndf5 Be6 22. Nxg7 Nxg7 23. Rxd8+ Rxd8 24. Rxd8+ Qxd8 25. Bxe5 f6 26. Bd4 a5 27.
bxa5 Qxa5 28. Bxf6 Kf7 29. Bxg7 Kxg7 30. h3 Kf6 31. Qd2 h5 32. Qd4+ Kg6 33. Nc4
Bxc4 34. Qxc4 Qe5 35. g3 c5 36. Kf1 b6 37. Ke2 b5 38. Qxb5 Qxe4+ 39. Kd2 c4 40.
Qb6+ Kf7 41. Qd4 Qe6 42. h4 g4 43. Qf4+ Ke7 44. Qe3 Kd6 45. Qxe6+ Kxe6 46. Ke3
Ke5 47. f3 gxf3 48. Kxf3 Kf5 49. Ke3 Ke5 50. g4 hxg4 51. h5 Kf5 52. h6 Kg6 53.
Kf4 Kxh6 54. Kxg4 Kg6 55. Kf4 Kf6 56. Ke4 Ke6 57. Kd4 Kd6 58. Kxc4 Kc6 59. Kb4
Kb6 60. Ka4 Kc6 61. Kb3 Kb5 62. Kb2 Kc5 63. Kc2 Kc4 64. Kd2 Kc5 65. Kd3 Kd5
{Game drawn by mutual agreement} 1/2-1/2

[Event "Team 45 45 League T37"]
[Site "Internet Chess Club"]
[Date "2008.05.04"]
[Round "2"]
[White "A-Ru"]
[Black "andrew28"]
[Result "0-1"]
[WhiteElo "1812"]
[BlackElo "1778"]
[Opening "Modern defense"]
[ECO "A40"]
[Time "11:04:30"]
[TimeControl "2700+45"]

1. d4 g6 2. e4 d6 3. Be3 Bg7 4. Nc3 Nf6 5. Qd2 h6 6. Nf3 c6 7. O-O-O Ng4 8. Bf4
g5 9. Bg3 Na6 10. h3 Nf6 11. Bxa6 bxa6 12. Qe2 Kf8 13. e5 Nh5 14. Bh2 d5 15. g4
Nf4 16. Bxf4 gxf4 17. Qd2 Rb8 18. Na4 e6 19. Kb1 a5 20. Nc5 Qb6 21. c3 Kg8 22.
Ne1 Bxe5 23. Nxe6 Bxe6 24. dxe5 a4 25. Ka1 a3 26. b3 c5 27. Nc2 d4 28. c4 Bxc4
29. Nxa3 Bd5 30. Rhg1 Qa6 31. Qc1 Bxb3 32. axb3 Rxb3 33. Ka2 Qe6 34. Nc4 Rc3 35.
Qxc3 dxc3 36. Kb3 Kg7 37. Kxc3 Qc6 38. Rd3 Rb8 39. g5 h5 40. g6 fxg6 41. Rd6
Qf3+ 42. Ne3 Qe4 43. Rgxg6+ Qxg6 44. Rxg6+ Kxg6 45. Nd5 Kf5 46. e6 Ke5 47. Kc4
Kxe6 48. Nxf4+ Kd6 49. Nxh5 Rb4+ 50. Kc3 Rh4 51. Ng3 Rxh3 52. Kc4 Rh4+ 53. Kb5
Rb4+ 54. Ka5 Rf4 55. Ka6 Kc6 56. Kxa7 Rxf2 57. Ne4 Rf7+ 58. Ka6 Rf4 59. Nxc5
{White resigns} 0-1

[Event "Team 45 45 League T37"]
[Site "Internet Chess Club"]
[Date "2008.05.02"]
[Round "2"]
[White "joshua9"]
[Black "room-matt"]
[Result "0-1"]
[WhiteElo "1749"]
[BlackElo "1783"]
[Opening "KGA: Fischer defense"]
[ECO "C34"]
[Time "13:59:02"]
[TimeControl "2700+45"]

1. e4 e5 2. f4 exf4 3. Nf3 d6 4. Bc4 h6 5. h4 Be7 6. d4 Bg4 7. Bxf4 Bxh4+ 8. g3
Bf6 9. c3 c6 10. Nbd2 b5 11. Be2 g5 12. Be3 Nd7 13. Nh2 Be6 14. Ng4 Bg7 15. c4
c5 16. d5 Bxg4 17. Bxg4 Bxb2 18. Rb1 Be5 19. Qf3 a6 20. Ke2 b4 21. Rbf1 Qe7 22.
Bf5 O-O-O 23. Nb3 Nf6 24. Na5 Rdg8 25. Nc6 Qe8 26. Bxd7+ Nxd7 27. g4 f6 28. Kd3
Rf8 29. Qd1 Nb6 30. Qb3 Rf7 31. a3 Rb7 32. Na5 Rc7 33. Nc6 Rxc6 34. dxc6 a5 35.
axb4 axb4 36. Ra1 Bxa1 37. Rxa1 Qxc6 38. Qb2 Re8 39. Qg2 Kb7 40. Qf3 Nd7 41. Qf5
Re7 42. Ra5 Ne5+ 43. Ke2 Nxc4 44. Qxf6 Qxe4 {White resigns} 0-1

[Event "Team 45 45 League T37"]
[Site "Internet Chess Club"]
[Date "2008.05.02"]
[Round "2"]
[White "therealwizard"]
[Black "cocio"]
[Result "1-0"]
[WhiteElo "2166"]
[BlackElo "2162"]
[Opening "QGD: Tartakower (Makagonov-Bondarevsky) system"]
[ECO "D58"]
[Time "13:07:54"]
[TimeControl "2700+45"]

1. d4 d5 2. Nf3 Nf6 3. c4 e6 4. Bg5 Be7 5. Nc3 h6 6. Bh4 O-O 7. e3 b6 8. Rc1 Bb7
9. cxd5 Nxd5 10. Bxe7 Qxe7 11. Be2 c5 12. O-O Nxc3 13. Rxc3 Rd8 14. Qc2 Nd7 15.
Rc1 Rac8 16. Qa4 a5 17. a3 Rb8 18. Qb5 Bd5 19. R3c2 Qf6 20. Rd2 cxd4 21. Rxd4
Nc5 22. Rf4 Qe7 23. b4 axb4 24. axb4 Ne4 25. Ne5 Nd6 26. Qd3 Rdc8 27. Rd1 Qb7
28. e4 Nxe4 29. Rxf7 Rc7 30. Bh5 Ng5 31. Rxc7 Qxc7 32. f4 Rf8 33. Ng6 Rxf4 34.
Nxf4 Qxf4 35. Qg6 Nh3+ 36. gxh3 Qe3+ 37. Kf1 Qf4+ 38. Ke1 Qh4+ 39. Ke2 Qc4+ 40.
Ke3 Qc3+ 41. Kf2 {Black resigns} 1-0

[Event "Team 45 45 League T37"]
[Site "Internet Chess Club"]
[Date "2008.05.02"]
[Round "2"]
[White "syy89"]
[Black "Fezzik"]
[Result "1/2-1/2"]
[WhiteElo "2115"]
[BlackElo "2066"]
[Opening "French: Steinitz, Boleslavsky variation"]
[ECO "C11"]
[Time "22:02:19"]
[TimeControl "2700+45"]

1. e4 e6 2. d4 d5 3. Nc3 Nf6 4. e5 Nfd7 5. f4 c5 6. Nf3 Nc6 7. Be3 cxd4 8. Nxd4
Bc5 9. Qd2 Bxd4 10. Bxd4 Nxd4 11. Qxd4 Qb6 12. O-O-O Qxd4 13. Rxd4 Ke7 14. h4 h5
15. Be2 Nb8 16. Rhd1 g6 17. b3 Bd7 18. R4d2 Bc6 19. Kb2 Nd7 20. Bf3 Rac8 21. Ne2
Rc7 22. Nd4 b5 23. Be2 a6 24. Rd3 Bb7 25. Rc3 Rhc8 26. Rxc7 Rxc7 27. g4 hxg4 28.
Bxg4 Rc8 29. h5 gxh5 30. Bxh5 Rh8 31. Rh1 f6 32. Nxe6 fxe5 33. fxe5 Nxe5 34. Nf4
Kd6 35. Rg1 Bc8 36. Re1 Rf8 37. Rxe5 Rxf4 38. Re8 Kd7 39. Rg8 Kc7 40. Rg6 Rf2
41. Rg7+ Kd6 42. Rg6+ Kc5 43. Bg4 Rg2 {Game drawn by mutual agreement} 1/2-1/2

[Event "Team 45 45 League T37"]
[Site "Internet Chess Club"]
[Date "2008.05.03"]
[Round "2"]
[White "Knight77"]
[Black "elnik"]
[Result "0-1"]
[WhiteElo "1882"]
[BlackElo "1944"]
[Opening "Réti: King's Indian attack"]
[ECO "A05"]
[Time "22:57:51"]
[TimeControl "2700+45"]

1. Nf3 Nf6 2. g3 g6 3. Bg2 Bg7 4. O-O O-O 5. d3 d6 6. e4 e5 7. Nbd2 Nc6 8. Re1
Ne8 9. Nf1 f5 10. Bg5 Nf6 11. Qd2 Rf7 12. exf5 Bxf5 13. Nh4 Be6 14. f4 Qd7 15.
Ne3 exf4 16. Bxf4 Nh5 17. Nd5 Bh3 18. Nxc7 Bxg2 19. Nxa8 Nxf4 20. gxf4 Bd5 21.
Ng2 Qd8 22. Nc7 Qxc7 23. Re8+ Rf8 24. Rae1 Nd4 25. Rxf8+ Kxf8 26. Re3 Nf3+ 27.
Rxf3 Bxf3 28. Nh4 Bg4 29. Qg2 Be6 30. Qe4 Qc5+ 31. Kf1 Bh3+ 32. Ke1 Qg1+ 33. Kd2
Qf2+ 34. Qe2 Qxf4+ 35. Kd1 Bg4 36. Nf3 Bxf3 {White resigns} 0-1

[Event "Team 45 45 League T37"]
[Site "Internet Chess Club"]
[Date "2008.05.05"]
[Round "2"]
[White "azbycx"]
[Black "FiendAngelical"]
[Result "0-1"]
[WhiteElo "1811"]
[BlackElo "1908"]
[Opening "King's Indian: fianchetto without c4"]
[ECO "E62"]
[Time "23:13:17"]
[TimeControl "2700+45"]

1. d4 Nf6 2. Nf3 g6 3. g3 Bg7 4. Bg2 O-O 5. O-O d6 6. c4 Nc6 7. Nc3 Rb8 8. e4
Bg4 9. h3 Bxf3 10. Bxf3 e5 11. d5 Nd4 12. Be3 c5 13. dxc6 bxc6 14. Bxd4 exd4 15.
Qxd4 Rxb2 16. Qxa7 Nd7 17. Qa3 Qb8 18. Rad1 Nc5 19. Na4 Nxa4 20. Qxa4 c5 21. Rd3
Qc8 22. Bg2 Qe6 23. Qa6 Bd4 24. Rb3 Rb8 25. Rxb8+ Rxb8 26. Kh2 Rb2 27. f4 Qxe4
{White resigns} 0-1

[Event "Team 45 45 League T37"]
[Site "Internet Chess Club"]
[Date "2008.05.03"]
[Round "2"]
[White "SWAT-TEAM"]
[Black "iwulu"]
[Result "0-1"]
[WhiteElo "2190"]
[BlackElo "2336"]
[Opening "Queen's pawn, Mason variation"]
[ECO "D00"]
[Time "23:09:13"]
[TimeControl "2700+45"]

1. d4 d5 2. Bf4 Nf6 3. e3 c5 4. c3 Qb6 5. Qb3 c4 6. Qc2 Nc6 7. h3 Bf5 8. Qc1 e6
9. Nf3 h6 10. Nbd2 Qd8 11. b3 b5 12. a4 a6 13. b4 Be7 14. Be2 O-O 15. O-O Qb6
16. a5 Qb7 17. Bd1 Bd3 18. Re1 Qd7 19. Bc2 Ne4 20. Bxd3 cxd3 21. Qb2 f6 22. Red1
e5 23. dxe5 fxe5 24. Bxe5 Nxd2 25. Qxd2 Rxf3 26. gxf3 Nxe5 27. Kg2 Qf5 28. f4
Qe4+ 29. f3 Qxf3+ 30. Kh2 Nc4 31. Qxd3 Nxe3 32. Rd2 Qxf4+ 33. Kh1 Qf3+ 34. Kg1
Qg3+ 35. Kh1 Qxh3+ 36. Kg1 Rf8 37. Rad1 Rf4 {White resigns} 0-1

[Event "Team 45 45 League T37"]
[Site "Internet Chess Club"]
[Date "2008.05.01"]
[Round "2"]
[White "searchforbobby1"]
[Black "onslaught"]
[Result "1-0"]
[WhiteElo "2162"]
[BlackElo "2141"]
[Opening "Sicilian: Alapin's variation (2.c3)"]
[ECO "B22"]
[Time "21:07:29"]
[TimeControl "2700+45"]

1. e4 c5 2. c3 Nf6 3. e5 Nd5 4. d4 cxd4 5. Nf3 Nc6 6. cxd4 d6 7. Bc4 Nb6 8. Bb3
dxe5 9. d5 Na5 10. Nc3 Bg4 11. Ba4+ Nxa4 12. Qxa4+ Bd7 13. Qe4 f6 14. Be3 g6 15.
O-O Bg7 16. Nd2 O-O 17. f4 f5 18. Qb4 e4 19. Rac1 b6 20. Bd4 Bxd4+ 21. Qxd4 Rc8
22. b4 Nb7 23. Nc4 Nd6 24. Ne5 Nb5 25. Qd2 Nxc3 26. Rxc3 Rxc3 27. Qxc3 Bb5 28.
Rd1 Qd6 29. Qb3 Rc8 30. a4 Be8 31. Nc6 Rc7 32. g3 Kg7 33. Nd4 Bf7 34. Nb5 Qd7
35. Qb2+ Kg8 36. Nxc7 Qxc7 37. Rc1 Qd7 38. Qe5 Bxd5 39. Rc7 Qe6 40. Qxe6+ Bxe6
41. Rxe7 {Black resigns} 1-0

[Event "Team 45 45 League T37"]
[Site "Internet Chess Club"]
[Date "2008.05.02"]
[Round "2"]
[White "Juiceboat"]
[Black "Burning-Bush"]
[Result "1/2-1/2"]
[WhiteElo "2128"]
[BlackElo "2135"]
[Opening "Queen's pawn game"]
[ECO "D13"]
[Time "11:39:49"]
[TimeControl "2700+45"]

1. d4 Nf6 2. c4 c6 3. Nc3 d5 4. cxd5 cxd5 5. Nf3 g6 6. Bf4 Bg7 7. e3 a6 8. Rc1
O-O 9. h3 Nc6 10. Ne5 Bd7 11. a3 Rc8 12. Nxd7 Qxd7 13. Na4 Na5 14. Rc5 Rxc5 15.
Nxc5 Qc6 16. Bd3 Nh5 17. Bh2 e5 18. O-O exd4 19. exd4 Nc4 20. Bxc4 dxc4 21. g4
Rd8 22. Qa4 Bxd4 23. Qxc6 bxc6 24. Nxa6 Nf6 25. Rc1 Bxb2 26. Rxc4 Bxa3 27. Rxc6
Ne4 28. Bf4 Be7 29. Kg2 {Game drawn by mutual agreement} 1/2-1/2